 Dungeon Crawl Stone Soup version 0.31-a0-246-g8cbcc1cb85 (webtiles) character file.

Game seed: 16928068502867946067

72 qw the Shooter (level 4, -6/26 HPs)
             Began as a Gargoyle Hexslinger on July 12, 2023.
             Mangled by Terence
             ... wielding a +3 heavy flail
              (7 damage)
             ... on level 3 of the Dungeon.
             The game lasted 00:00:34 (1353 turns).

qw the Shooter (Gargoyle Hexslinger)                Turns: 1353, Time: 00:00:34

Health: -6/26      AC:  6    Str: 12    XL:     4   Next: 25%
Magic:  5/5        EV: 11    Int: 13    God:
Gold:   77         SH:  0    Dex: 14    Spells: 4/5 levels left

rFire   . . .        Y - +1 sling
rCold   . . .        (no shield)
rNeg    + . .        e - +0 leather armour
rPois   inf          (no helmet)
rElec   +            (no cloak)
rCorr   .            (no gloves)
SInv    .            (no boots)
Will    .....        (no amulet)
Stlth   +            (no ring)
HPRegen 0.24/turn    (no ring)
MPRegen 0.09/turn

%: no passive effects
@: no status effects
A: sickness immunity, AC +3, negative energy resistance 1, electricity
resistance, torment resistance 1, petrification resistance
a: no special abilities


You were on level 3 of the Dungeon.
You visited 1 branch of the dungeon, and saw 3 of its levels.

You collected 77 gold pieces.


Innate Abilities, Weirdness & Mutations

You are immune to sickness and miasma.
Your stone body is resilient. (AC +3)
You are immune to poison.
You resist negative energy. (rN+)
You are resistant to electric shocks. (rElec)
You are resistant to unholy torment.
You are immune to petrification.


   Skills:
 - Level 2.0 Fighting
 + Level 4.1 Ranged Weapons
 - Level 1.5 Dodging
 - Level 1.0 Spellcasting
 - Level 2.6 Hexes


You had 4 spell levels left.
You knew the following spells:

 Your Spells              Type           Power      Damage    Failure   Level
a - Slow                  Hex            28%        N/A       12%         1

Your spell library contained the following spells:

 Spells                   Type           Power      Damage    Failure   Level
 Inner Flame              Hex/Fire       4%         N/A       52%         3
 Portal Projectile        Hex/Tloc       8%         N/A       52%         3
 Cause Fear               Hex            3%         N/A       75%         4

Inventory:

Hand Weapons
 Y - a +1 sling (weapon)
Armour
 e - a +0 leather armour (worn)
Scrolls
 g - a scroll of identify
 j - a scroll of brand weapon {unknown}
Potions
 a - a potion of enlightenment {unknown}
 b - a potion of might {unknown}
 c - a potion of attraction {unknown}
 d - 2 potions of brilliance {unknown}
 h - a potion of haste {unknown}
 i - a potion of resistance {unknown}

Dungeon Overview and Level Annotations

Branches:
Dungeon (3/15)

Altars:
Fedhas

Annotations:
D:2 1 runed translucent door, Crazy Yiuf
D:3 Terence


Message History

Terence is heavily wounded.
Terence barely misses you.
You shoot a sling bullet. The sling bullet barely misses Terence.
Terence completely misses you.
You shoot a sling bullet.
The sling bullet hits Terence but does no damage.
Terence is heavily wounded.
Terence misses you.
You shoot a sling bullet. The sling bullet hits Terence.
Terence is severely wounded.
You shoot a sling bullet.
The sling bullet closely misses Terence.
Terence hits you with a +3 heavy flail.
You shoot a sling bullet.
The sling bullet closely misses Terence.
Terence hits you with a +3 heavy flail!
1346 ||| DRINKING potion of heal wounds.
You feel much better. Terence closely misses you.
You shoot a sling bullet. The sling bullet hits Terence.
Terence is severely wounded.
Terence hits you with a +3 heavy flail.
You shoot a sling bullet. The sling bullet barely misses Terence.
You shoot a sling bullet.
The sling bullet hits Terence but does no damage.
Terence is severely wounded.
Terence hits you with a +3 heavy flail.
You shoot a sling bullet. The sling bullet barely misses Terence.
Terence barely misses you.
You shoot a sling bullet. The sling bullet barely misses Terence.
Terence hits you with a +3 heavy flail!
Ouch! That really hurt!
You shoot a sling bullet. The sling bullet hits Terence.
Terence is almost dead.
Terence closely misses you.
You shoot a sling bullet.
The sling bullet hits Terence but does no damage.
Terence is almost dead.
Terence hits you with a +3 heavy flail!
You die...

.##.####......#.###.###
# #.####.#.......# #.#
#######.#.#
###.####.....#.# #
#.........#.##.#
#.......#.##.#
#.....#.#....#
#.###.#.###### #.#
#@#.# ..# #@#.# ....
..#.# .......##.#
........ .# ###.##^..
.. #... ....


You could see Terence.

Vanquished Creatures
  Natasha (D:3)
  An adder (D:3)
  A worm (D:2)
  3 endoplasms (D:1)
  4 giant cockroaches
  2 goblins
  A hobgoblin (D:1)
  3 quokkas
  4 ball pythons
  4 bats
  3 frilled lizards
  2 kobolds
  7 rats
36 creatures vanquished.

Notes
Turn   | Place    | Note
-------+----------+-------------------------------------------
     0 | D:1      | qw the Gargoyle Hexslinger began the quest for the Orb.
     0 | D:1      | Reached XP level 1. HP: 12/12 MP: 2/2
     0 | D:1      | 0 ||| qw: Version: 0.3-a-52-g30416fa
     0 | D:1      | 0 ||| qw: Game counter: 6562
     0 | D:1      | 0 ||| qw: Melee chars always use a shield: true
     0 | D:1      | 0 ||| qw: God list: Okawaru
     0 | D:1      | 0 ||| qw: Allow faded altars: false
     0 | D:1      | 0 ||| qw: Do Orc after clearing Dungeon:15 true
     0 | D:1      | 0 ||| qw: Do second Lair branch before Depths: true
     0 | D:1      | 0 ||| qw: Lair rune preference: random
     0 | D:1      | 0 ||| qw: Goals: Normal
     0 | D:1      | 0 ||| PLANNING D:1-11
    98 | D:1      | Reached XP level 2. HP: 16/16 MP: 3/3
   147 | D:1      | Reached skill level 3 in Ranged Weapons
   402 | D:1      | 402 ||| UPGRADING to +0 leather armour.
   412 | D:1      | 412 ||| DROPPING +0 robe.
   413 | D:1      | 413 ||| READING scroll labelled LEGIDO FERPH.
   414 | D:1      | 414 ||| DRINKING 2 orange potions.
   415 | D:1      | 415 ||| DROPPING scroll of poison.
   516 | D:2      | Reached XP level 3. HP: 21/21 MP: 4/4
   520 | D:2      | Found a blossoming altar of Fedhas.
  1132 | D:2      | Found a runed translucent door.
  1133 | D:2      | Noticed Crazy Yiuf
  1136 | D:2      | 1136 ||| READING scroll labelled OBLIAL LAEBA.
  1206 | D:3      | Noticed Natasha
  1218 | D:3      | Killed Natasha
  1219 | D:3      | Reached XP level 4. HP: 10/26 MP: 5/5
  1329 | D:3      | Noticed Terence
  1337 | D:3      | Reached skill level 4 in Ranged Weapons
  1345 | D:3      | HP: 3/26 [Terence/+3 heavy flail (12)]
  1346 | D:3      | 1346 ||| DRINKING potion of heal wounds.
  1351 | D:3      | HP: 1/26 [Terence/+3 heavy flail (14)]
  1353 | D:3      | Mangled by Terence

Levels and vault maps discovered:
D:1:      heliophobic_arrival_battle_scene, layout_rooms
D:2:      layout_loops_cross, basic_altar, uniq_crazy_yiuf_cottage
D:3:      layout_basic, mainiacjoe_overflow_catch_the_wave, uniq_natasha,
          uniq_grinder, uniq_terence

Skill      XL: |  1  2  3  4 |
---------------+-------------+-----
Ranged Weapons | 3 4 |  4.1
Fighting       | 2 |  2.0
Dodging        | |  1.5
Spellcasting   | |  1.0
Hexes          | |  2.6

Action                     |  1- 3 |  4- 6 || total
---------------------------+-------+-------++-------
   Fire: Sling             |   109 |    25 ||   134
    Use: Scroll            |     2 |       ||     2
         Potion            |     1 |     1 ||     2
 Armour: Robe              |     1 |       ||     1
         Leather armour    |    19 |     2 ||    21
  Dodge: Dodged            |    30 |    14 ||    44

Table legend:
 A = Non-vault XP
 B = Vault XP
 C = Vault XP percentage of total XP
 D = Non-vault monster count
 E = Vault monster count
 F = Vault count percentage of total count
                 A         B        C        D         E       F
            +---------+---------+-------+---------+---------+-------
      Total |      67 |      36 |  35.0 |      35 |       1 |   2.8
            +---------+---------+-------+---------+---------+-------
        D:1 |      28 |       0 |   0.0 |      18 |       0 |   0.0
        D:2 |      20 |       0 |   0.0 |      11 |       0 |   0.0
        D:3 |      19 |      36 |  65.5 |       6 |       1 |  14.3
            +---------+---------+-------+---------+---------+-------
